 Dungeon Crawl Stone Soup version 0.30-b1-2-g02819fbbbe (webtiles) character file.

Game seed: 947443451571956613

44 manyhoops the Insei (level 3, 0/24 HPs)
             Began as an Octopode Transmuter on Nov 2, 2023.
             Frozen to death by an endoplasm (5 damage)
             ... on level 2 of the Dungeon.
             The game lasted 00:01:50 (936 turns).

manyhoops the Insei (Octopode Transmuter)            Turns: 936, Time: 00:01:51

Health: 0/24       AC:  1    Str: 11    XL:     3   Next: 60%
Magic:  6/6        EV: 13    Int: 15    God:
Gold:   40         SH:  0    Dex: 12    Spells: 3/6 levels left

rFire   . .          .
                       - Unarmed
rCold   . . .        (no shield)
rNeg    . . .        (helmet currently unavailable)
rPois   .            (no amulet)
rElec   .            e - ring of willpower
rCorr   .            (no ring)
SInv    .            (no ring)
Will    +....        (no ring)
Stlth   ++           (no ring)
HPRegen 0.24/turn    (no ring)
MPRegen 0.10/turn    (no ring)
                     (no ring)

%: no passive effects
@: appendages (expiring)
A: tentacle spike 3, almost no armour, amphibious, 8 rings, camouflage 1,
gelatinous body 1, (nimble swimmer 1), tentacles
a: End Transformation


You were on level 2 of the Dungeon.
One of your tentacles had grown a beastly spike.
You visited 1 branch of the dungeon, and saw 2 of its levels.

You collected 40 gold pieces.

Inventory:

Jewellery
 e - a ring of willpower (left tentacle)
Scrolls
 c - 2 scrolls of teleportation {unknown}
 f - a scroll of blinking {unknown}
Potions
 a - a potion of lignification
 b - a potion of attraction {unknown}
 d - a potion of curing {unknown}
 g - a potion of might {unknown}


   Skills:
 * Level 2.0 Fighting
 - Level 2.0 Dodging
 + Level 4.1 Unarmed Combat
 - Level 2.0 Spellcasting
 - Level 2.0 Transmutations


You had 3 spell levels left.
You knew the following spells:

 Your Spells              Type           Power      Damage    Failure   Level
a - Beastly Appendage     Tmut           14%        N/A       10%         1
b - Wereblood             Tmut           7%         N/A       14%         2

Your spell library contained the following spells:

 Spells                   Type           Power      Damage    Failure   Level
 Spider Form              Tmut/Pois      4%         N/A       41%         3
 Ozocubu's Armour         Ice            1%         N/A       54%         3
 Ice Form                 Ice/Tmut       4%         N/A       82%         4
 Ozocubu's Refrigeration  Ice            0%         4d7       100%        7


Dungeon Overview and Level Annotations

Branches:
Dungeon (2/15)

Altars:

Shops:
D:2 *


Innate Abilities, Weirdness & Mutations

One of your tentacles has grown a beastly spike.
You cannot wear most types of armour.
You are amphibious.
You can wear up to eight rings at the same time.
Your skin changes colour to match your surroundings (Stealth+).
Your rubbery body absorbs attacks. (AC +1, EV +1)
((You are camouflaged when in or above water. (Stealth+)))
You have tentacles for arms and can constrict up to eight enemies at once.


Message History

The frilled lizard completely misses you.
Your Fighting skill increases to level 2!
You miss the frilled lizard. Your grab misses the frilled lizard.
Your tentacle spike misses the frilled lizard.
Your squeeze misses the frilled lizard. The frilled lizard closely misses you.
You completely miss the frilled lizard. Your grab misses the frilled lizard.
The frilled lizard misses you. The goblin barely misses you.
You barely miss the frilled lizard. Your grab misses the frilled lizard.
You pierce the frilled lizard.
The frilled lizard is heavily wounded.
The goblin closely misses you. The endoplasm hits you.
The frilled lizard bites you.
You closely miss the frilled lizard. Your grab misses the frilled lizard.
The frilled lizard is heavily wounded.
Your transformation is almost over.
You barely miss the frilled lizard. Your grab misses the frilled lizard.
The frilled lizard is heavily wounded.
The frilled lizard completely misses you.
The goblin hits you with a +0 club. The endoplasm hits you.
You bludgeon the frilled lizard!
You kill the frilled lizard!
The endoplasm closely misses you. The goblin barely misses you.
You closely miss the goblin. You grab the goblin. You constrict the goblin.
The endoplasm freezes you.
You are frozen.
The goblin hits you with a +0 club.
* * * LOW HITPOINT WARNING * * *
Unknown command.
You tentacle-slap the goblin but do no damage.
The goblin is moderately wounded.
You constrict the goblin. The goblin hits you but does no damage.
The endoplasm completely misses you.
Unknown command.
You tentacle-slap the goblin.
You kill the goblin!
The endoplasm barely misses you.
You tentacle-slap the endoplasm.
You pierce the endoplasm.
The endoplasm is almost dead.
The endoplasm freezes you.
You are frozen.
You die...

### ####..#.####..
.....#####...# #...
######.........>###
#...
...........#.....##
#.).
...........#......#
#...
......!....#..##..#
##..
...........#.##...#
###
......†....###....#
#
......)@...##†..#..#
#
......J.####...##..#
# .......?......##
..# #
............_∩# ..#
# ...........^..#
..# # #
........####...#
##### .# ..####+##
##...# #.... .## ##
##.... #.### ..#
#....#.#


You could see an endoplasm.

Vanquished Creatures
  6 ball pythons
  8 bats
  7 endoplasms (D:1)
  4 goblins
  3 hobgoblins
  2 quokkas (D:1)
  3 frilled lizards
  A kobold (D:1)
  3 rats (D:1)
37 creatures vanquished.

Vanquished Creatures (others)
  2 plants (D:2)
2 creatures vanquished.

Grand Total: 39 creatures vanquished

Notes
Turn   | Place    | Note
-------+----------+-------------------------------------------
     0 | D:1      | manyhoops the Octopode Transmuter began the quest for the
                  | Orb.
     0 | D:1      | Reached XP level 1. HP: 13/13 MP: 3/3
   238 | D:1      | Reached XP level 2. HP: 16/18 MP: 3/5
   385 | D:1      | Reached XP level 3. HP: 20/24 MP: 4/6
   615 | D:1      | Reached skill level 4 in Unarmed Combat
   779 | D:2      | Found Nicaf's Assorted Antiques.
   901 | D:2      | Found a faded altar of an unknown god.
   910 | D:2      | Learned a level 2 spell: Wereblood
   936 | D:2      | Frozen to death by an endoplasm

Illustrated notes

Levels and vault maps discovered:
D:1:      ncdulo_smallfort, layout_loops_cross, minmay_heptomino_o4
D:2:      layout_basic, hellmonk_ecumenical_altar_crossroads, serial_shops,
          nicolae_shop_tiny_waterfront, nicolae_shop_tiny_statue_garden, shop,
          nicolae_shop_overgrown_old_shop, amcnicky_mini_rare_corridor_liquid

Skill      XL: |  1  2  3 |
---------------+----------+-----
Unarmed Combat | 4 |  4.1
Fighting       | 2 |  2.0
Dodging        | |  2.0
Spellcasting   | |  2.0
Transmutations | |  2.0

Action                     || total
---------------------------++-------
  Melee: Unarmed           ||    71
         Tentacles         ||    13
         Kick              ||    11
         Constrict         ||    18
         Punch             ||     3
   Cast: Beastly Appendage ||    17
   Stab: Sleeping          ||     5
 Armour: Skin              ||    11
  Dodge: Dodged            ||    42
